 Dungeon Crawl Stone Soup version 0.27-a0-1256-gced786f65e (webtiles) character file.

Game seed: 12240192145030663703

127 mordus the Poker (level 4, 0/36 (38) HPs)
             Began as a Draconian Monk on June 10, 2021.
             Slain by a water moccasin (6 damage)
             ... on level 4 of the Dungeon.
             The game lasted 00:08:50 (4025 turns).

mordus the Poker (Draconian Monk)                   Turns: 4025, Time: 00:08:51

HP:   0/36 (38)     AC:  5    Str: 15    XL:     4   Next: 85%
MP:   4/4           EV: 13    Int: 10    God:
Gold: 144           SH:  0    Dex: 13    Spells: 3/3 levels left

rFire    . . .     SeeInvis .   a - +0 spear
rCold    . . .     Faith    .   (no shield)
rNeg     . . .     Spirit   .   (armour unavailable)
rPois    .         Reflect  .   (helmet restricted)
rElec    +         Harm     .   (no cloak)
rCorr    .         Rampage  .   (no gloves)
Will     .....                  (no boots)
Stlth    +.........             (no amulet)
HPRegen  0.12/turn              (no ring)
MPRegen  0.09/turn              (no ring)

@: glowing, drained
A: AC +5, unfitting armour, cold-blooded, fangs 1, talons 1, electricity
resistance
a: no special abilities


You were on level 4 of the Dungeon.
You visited 1 branch of the dungeon, and saw 4 of its levels.

You collected 144 gold pieces.

Inventory:

Hand Weapons
 a - a +0 spear (weapon)
Jewellery
 f - a ring of ice
 m - a ring of wizardry
Wands
 i - a wand of polymorph (8)
Scrolls
 b - 7 scrolls of identify {unknown}
 d - a scroll of fog {unknown}
 e - a scroll of fear {unknown}
 h - 2 scrolls of summoning {unknown}
 k - a scroll of enchant weapon {unknown}
Potions
 c - 3 potions of mutation
 g - 2 potions of degeneration {unknown}
 j - a potion of lignification {unknown}
 l - a potion of attraction {unknown}


   Skills:
 - Level 3.2 Fighting
 * Level 4.9 Polearms
 + Level 3.6 Dodging
 - Level 1.7 Stealth


You had 3 spell levels left.
You didn't know any spells.
Your spell library contained the following spells:

 Spells                   Type           Power      Damage    Failure   Level
 Corona                   Hex            0%         N/A       36%         1
 Sandblast                Erth           0%         2d4       36%         1
 Ensorcelled Hibernation  Hex/Ice        0%         N/A       50%         2
 Passwall                 Tmut/Erth      0%         N/A       50%         2
 Confusing Touch          Hex            0%         N/A       75%         3
 Dazzling Flash           Conj/Hex       0%         N/A       75%         3
 Stone Arrow              Conj/Erth      0%         3d7       75%         3
 Tukima's Dance           Hex            0%         N/A       75%         3
 Petrify                  Tmut/Erth      0%         N/A       98%         4
 Lee's Rapid Deconstruct  Erth           0%         3d5*      100%        5


Dungeon Overview and Level Annotations

Branches:
Dungeon (4/15)
 Temple: D:4-7

Altars:
Makhleb
Xom
Zin
The Shining One

Shops:
D:3 (


Innate Abilities, Weirdness & Mutations

Your plain brown scales are hard. (AC +5)
You cannot fit into any form of body armour.
You are cold-blooded and may be slowed by cold attacks.
You have very sharp teeth.
You have sharp toenails.
You are resistant to electric shocks. (rElec)


Message History

h - 2 scrolls labelled BAKAHO DEIC (gained 1)
A water moccasin comes into view.
The water moccasin moves out of view.
A water moccasin is nearby!
A water moccasin is nearby!
A hound, a goblin and an orc come into view.
The hound barks!
The orc shouts!
The goblin shouts!
The water moccasin hisses angrily.
The water moccasin bites you.
Found a dented malachite amulet.
You hit the water moccasin.
The water moccasin is lightly wounded.
The water moccasin closely misses you. The water moccasin barely misses you.
The water moccasin bites you.
You are poisoned.
The water moccasin poisons you!
You feel sick.
You feel sick. The hound bites you.
You feel sick.
The water moccasin bites you but does no damage.
You feel sick. The hound barely misses you.
You feel sick.
You feel sick. The hound bites you.
You feel sick.
You feel sick.
You are no longer poisoned.
The angel explains in detail about the Axioms of Law.
The hound bites you.
The water moccasin bites you but does no damage.
The angel preaches about the fall of Lugonu.
The hound bites you. The water moccasin misses you.
The orc curses noisily.
The hound bites you.
* * * LOW HITPOINT WARNING * * *
The hound bites you.
* * * LOW HITPOINT WARNING * * *
The water moccasin bites you.
You die...

.......# #......# ######..#
.......# #......# #.......#
.......# #......###...#...#
.......# #......#...#.#.###
.......# ####...g..#.#.#.#.#
............'...o.........>#
........#####..............#
####hS#####..### #@.#A..#..#
#._#...#_.####
#..#...#....<#
#..#####...### #........).#
##.........# ####.....##
#######


You could see an angel, a water moccasin, a hound, an orc and a goblin.

Vanquished Creatures
  7 adders
  3 dart slugs
  An orc (D:4)
  5 ball pythons
  4 endoplasms
  4 giant cockroaches
  4 goblins
  6 hobgoblins
  8 jackals
  3 kobolds
  A quokka (D:2)
  A bat (D:3)
  3 frilled lizards
  6 rats
56 creatures vanquished.

Notes
Turn   | Place    | Note
-------+----------+-------------------------------------------
     0 | D:1      | mordus the Draconian Monk began the quest for the Orb.
     0 | D:1      | Reached XP level 1. HP: 19/19 MP: 1/1
   294 | D:1      | Reached XP level 2. HP: 13/26 MP: 2/2
  1155 | D:1      | Found a glowing silver altar of Zin.
  1297 | D:2      | Reached skill level 4 in Polearms
  1297 | D:2      | Reached XP level 3. HP: 19/31 MP: 3/3
  2030 | D:2      | Reached XP level 4. HP: 33/38 MP: 4/4
  2807 | D:3      | Found a faded altar of an unknown god.
  3394 | D:3      | Found Echeddedia's Antique Weapon Shop.
  3555 | D:4      | Found a glowing golden altar of the Shining One.
  3576 | D:4      | Found a burning altar of Makhleb.
  3621 | D:4      | Noticed a necrophage
  3633 | D:4      | Gained mutation: You have sharp toenails. [potion of
                  | mutation]
  3633 | D:4      | Gained mutation: You have very sharp teeth. [potion of
                  | mutation]
  3633 | D:4      | Gained mutation: You are resistant to electric shocks.
                  | (rElec) [potion of mutation]
  3927 | D:4      | Found a shimmering altar of Xom.
  3928 | D:4      | Noticed an angel
  3932 | D:4      | Found a glowing silver altar of Zin.
  4002 | D:4      | Noticed a water moccasin
  4025 | D:4      | Slain by a water moccasin

Illustrated notes

Levels and vault maps discovered:
D:1:      erik_arrival_triangle_small, layout_basic, kennysheep_flooded_box
D:2:      layout_loops_ring
D:3:      layout_basic, serial_shops, nicolae_shop_waterfront,
          ebering_ecumenical_altar_mist
D:4:      layout_basic, grunt_temple_overflow_order_and_chaos_1,
          general_overflow_altar, kennysheep_mini, wad_orctagon

Skill      XL: |  1  2 |
---------------+-------+-----
Dodging        | 3 |  3.6
Polearms       | 4 |  4.9
Fighting       | |  3.2
Stealth        | |  1.7

Action                   |  1- 3 |  4- 6 || total
-------------------------+-------+-------++-------
Melee: Spear             |   158 |    99 ||   257
       Tailslap          |    19 |    11 ||    30
       Kick              |       |     3 ||     3
  Use: Potion            |       |     1 ||     1
 Stab: Sleeping          |     5 |     6 ||    11
Armor: Skin              |    41 |    25 ||    66
Dodge: Dodged            |    82 |    63 ||   145

Table legend: (Time is in decaauts)
 A = Elapsed time spent in this place.
 B = Non-inter-level travel time spent in this place.
 C = Inter-level travel time spent in this place.
 D = Time resting spent in this place.
 E = Time spent auto-exploring this place.
 F = Levels seen in this place.
 G = Mean time per level.
                   A        B        C        D        E       F      G
               +--------+--------+--------+--------+--------+-----+--------+
         Total |   4002 |   3943 |     59 |    587 |   2789 |   4 | 1000.5 |
       Dungeon |   4002 |   3943 |     59 |    587 |   2789 |   4 | 1000.5 |
               +--------+--------+--------+--------+--------+-----+--------+

Top non-repeatable levels by time:
     D:3: 1339 daAuts
     D:1: 1263 daAuts
     D:2: 1149 daAuts
     D:4: 251 daAuts
